 Dungeon Crawl Stone Soup version 0.29-a0-371-g91724d5b39 (webtiles) character file.

Game seed: 2008435637758953473

543 omnomnOMINOUS the Slasher (level 7, -10/47 HPs)
             Began as an Octopode Wanderer on May 3, 2022.
             Was a Follower of Ashenzari.
             Mangled by Crazy Yiuf
             ... wielding a +3 quarterstaff of chaos
              (19 damage)
             ... on level 4 of the Dungeon.
             The game lasted 00:08:09 (5056 turns).

omnomnOMINOUS the Slasher (Octopode Wanderer)       Turns: 5056, Time: 00:08:10

Health: -10/47     AC:  1    Str:  9    XL:     7   Next: 27%
Magic:  12/12      EV: 14    Int: 16    God:    Ashenzari [*.....]
Gold:   170        SH:  0    Dex: 14    Spells: 13/13 levels left

rFire   + . .      SeeInvis .   a - +2 falchion (holy)
rCold   . . .      Faith    .   (no shield)
rNeg    + . .      Spirit   .   c - +0 hat
rPois   .          Reflect  .   (no amulet)
rElec   .          Harm     .   g - ring of Ashenzari's Stickiness {Will+, Self, Cun} (curse)
rCorr   +          Rampage  .   s - ring "Shattered Mysticism" {rCorr, Bglg, Evo} (curse)
Will    +....                   t - ring "Fusopok" {*Corrode rF+ rN+ Slay+2}
Stlth   +++.......              (no ring)
HPRegen 0.15/turn               (no ring)
MPRegen 0.13/turn               (no ring)
                                (no ring)
                                (no ring)

@: no status effects
A: almost no armour, amphibious, 8 rings, camouflage 1, gelatinous body 1,
(nimble swimmer 1), tentacles
a: Renounce Religion, Shatter the Chains


You were on level 4 of the Dungeon.
You worshipped Ashenzari.
Ashenzari was aware of your devotion.
You visited 1 branch of the dungeon, and saw 4 of its levels.

You collected 230 gold pieces.
You spent 60 gold pieces at shops.

Inventory:

Hand Weapons
 a - a +2 falchion of holy wrath (weapon)
Armour
 c - a +0 hat (worn)
 n - an orb of wrath
Jewellery
 g - a cursed ring of Ashenzari's Stickiness (left tentacle) {Will+, Self, Cun}
   (You found it on level 1 of the Dungeon)

   [ring of willpower]

   Will:      It increases your willpower.
   It has a curse which improves the following skills: Introspection: Fighting
   and Spellcasting.
   Cunning:   Dodging and Stealth.
 s - the cursed ring "Shattered Mysticism" (right tentacle) {rCorr, Bglg, Evo}
   (You found it on level 4 of the Dungeon)

   [ring of resist corrosion]

   rCorr:     It protects you from acid and corrosion.
   It has a curse which improves the following skills: Beguiling: Conjurations,
   Hexes and Translocations.
   Evocations: Evocations.
 t - the ring "Fusopok" (on tentacle) {*Corrode rF+ rN+ Slay+2}
   (You found it on level 4 of the Dungeon)

   [ring of positive energy]

   Slay:      It affects your accuracy & damage with ranged weapons and melee
   (+2).
   rF:        It protects you from fire.
   rN:        It protects you from negative energy.
   *Corrode:  It may corrode you when you take damage.
Scrolls
 d - a scroll of vulnerability
 f - 3 scrolls of enchant armour
 h - a scroll of amnesia
 k - a scroll of blinking
 l - 3 scrolls of teleportation
 r - 3 scrolls of brand weapon
Potions
 b - a potion of attraction
 e - 3 potions of curing
 i - a potion of degeneration
 j - 3 potions of flight
 m - a potion of invisibility
 o - a potion of mutation
 q - a potion of heal wounds


   Skills:
 + Level 3.1(3.8) Fighting
 * Level 6.2 Long Blades
 - Level 1.0 Throwing
 + Level 3.0(3.8) Dodging
 - Level 2.6(3.4) Stealth
 - Level 1.0 Unarmed Combat
 + Level 3.0(3.8) Spellcasting
 - Level 1.1(1.6) Evocations


You had 13 spell levels left.
You didn't know any spells.
Your spell library was empty.

Dungeon Overview and Level Annotations

Branches:
Dungeon (4/15)             Temple (0/1) D:4

Altars:
Ashenzari
Cheibriados
Dithmenos
Elyvilon
Fedhas
Okawaru
Ru
The Shining One

Shops:
D:4 !

Annotations:
D:4 Crazy Yiuf


Innate Abilities, Weirdness & Mutations

You cannot wear most types of armour.
You are amphibious.
You can wear up to eight rings at the same time.
Your skin changes colour to match your surroundings (Stealth+).
Your rubbery body absorbs attacks. (AC +1, EV +1)
((You are camouflaged when in or above water. (Stealth+)))
You have tentacles for arms and can constrict up to eight enemies at once.


Message History

You open the door.
There is an open door here.
You open the door.
There is an open door here.
There is an open door here.
You see here an adder corpse.
There is an open door here.
Found a white marble altar of Elyvilon.
Found an iron altar of Okawaru.
There is an open door here.
There is an open door here.
There is an open door here.
There is an open door here.
There is an open door here.
There is an open door here.
There is an open door here.
There is an open door here.
You see here a +0 mace.
No reachable target in view!
You open the door.
Crazy Yiuf shouts!
Crazy Yiuf twirls on the spot.
Crazy Yiuf laughs, "Cards hog testudinal!"
Crazy Yiuf drinks a potion.
Crazy Yiuf goes berserk!
There is an open translucent door here.
You closely miss Crazy Yiuf. You grab Crazy Yiuf. You constrict Crazy Yiuf.
Crazy Yiuf hits you with a +3 quarterstaff of chaos!!
Crazy Yiuf freezes you!
Crazy Yiuf hits you with a +3 quarterstaff of chaos!
* * * LOW HITPOINT WARNING * * *
You are lethally poisoned!
You are too injured to fight recklessly!
You are too injured to fight recklessly!
You are too injured to fight recklessly!
You feel better.
You constrict Crazy Yiuf. Crazy Yiuf completely misses you.
You hit Crazy Yiuf but do no damage.
Crazy Yiuf is lightly wounded.
You constrict Crazy Yiuf. Crazy Yiuf barely misses you.
Crazy Yiuf hits you with a +3 quarterstaff of chaos!!
You die...

...'....#..#
#...)# #.# #
...#.####..#
♣..).♣ #.# #
...#.# #..#
♣...♣♣ #.# #
...#.# ##.#
♣♣.♣♣ #.# #
##.#.#######
♣.♣♣ #.# #
#.#.....<.# ♣♣.♣
####.# #
#.#..###..# ♣.♣♣
#....# #
#.#....#..# ♣♣.♣
###### #
#.##.#.#..# #@#
# #.##.#.#..#
#.g.# #
#.##.#.#..#
#...#
############
#.##.#.#..#
#..)#
#...........
##.##.#.#..#
#####
############
...##.#.#..# ###
......#...[####
#.#
#########.###.#
#.#
#.....##♣♣♣♣♣♣.#


You could see Crazy Yiuf (berserk).

Vanquished Creatures
  A black bear (D:3)
  A phantom (D:4)
  A jelly (D:4)
  2 hounds (D:4)
  An iguana (D:4)
  Natasha (thrice) (D:3)
  Terence (D:3)
  Robin (D:3)
  8 adders
  2 worms
  3 dart slugs
  15 ball pythons
  3 bats
  4 endoplasms
  5 giant cockroaches
  12 goblins
  12 hobgoblins
  2 quokkas
  3 kobolds
  3 rats
83 creatures vanquished.

Vanquished Creatures (others)
  6 demonic plants (D:3)
  7 fungi (D:3)
  6 plants (D:3)
  2 withered plants (D:3)
21 creatures vanquished.

Grand Total: 104 creatures vanquished

Notes
Turn   | Place    | Note
-------+----------+-------------------------------------------
     0 | D:1      | omnomnOMINOUS the Octopode Wanderer began the quest for the
                  | Orb.
     0 | D:1      | omnomnOMINOUS set off with the following items: a +2
                  | falchion, a potion of attraction, a +0 hat, a scroll of
                  | vulnerability
     0 | D:1      | Reached XP level 1. HP: 11/11 MP: 2/2
   366 | D:1      | Reached XP level 2. HP: 11/18 MP: 3/3
  1403 | D:2      | Reached skill level 1 in Fighting
  1403 | D:2      | Reached skill level 1 in Dodging
  1403 | D:2      | Reached XP level 3. HP: 23/23 MP: 5/5
  1532 | D:2      | Found a shadowy altar of Dithmenos.
  2030 | D:2      | Reached XP level 4. HP: 28/28 MP: 6/6
  2115 | D:3      | Noticed Natasha
  2119 | D:3      | Killed Natasha
  2174 | D:3      | Found a snail-covered altar of Cheibriados.
  2206 | D:3      | Found a blossoming altar of Fedhas.
  2210 | D:3      | Noticed Natasha
  2217 | D:3      | Killed Natasha
  2338 | D:3      | Noticed Robin
  2370 | D:2      | Reached skill level 5 in Long Blades
  2370 | D:2      | Reached XP level 5. HP: 8/34 MP: 8/8
  2829 | D:3      | Killed Robin
  2903 | D:3      | Noticed Natasha
  2907 | D:3      | Killed Natasha
  2980 | D:3      | Found a faded altar of an unknown god.
  3123 | D:3      | Prayed at the altar of an unknown god.
  3123 | D:3      | Became a worshipper of Ashenzari the Shackled
  3199 | D:3      | Noticed Terence
  3206 | D:3      | Killed Terence
  3446 | D:4      | Noticed a black bear
  3457 | D:3      | Killed a black bear
  3458 | D:3      | Reached XP level 6. HP: 24/41 MP: 10/10
  3744 | D:4      | Found Jicwiygi's Distillery.
  3753 | D:4      | Bought a potion of heal wounds for 60 gold pieces
  3835 | D:4      | Reached skill level 6 in Long Blades
  3835 | D:4      | Reached XP level 7. HP: 30/46 MP: 11/11
  3957 | D:4      | Found a staircase to the Ecumenical Temple.
  4230 | D:4      | Reached * piety under Ashenzari
  4245 | D:4      | Found a glowing golden altar of the Shining One.
  4392 | D:4      | Identified the ring "Fusopok" {*Corrode rF+ rN+ Slay+2}
  4462 | D:4      | Found a runed translucent door.
  4463 | D:4      | Noticed Crazy Yiuf
  4655 | D:4      | Found a sacrificial altar of Ru.
  4928 | D:4      | Found a white marble altar of Elyvilon.
  4937 | D:4      | Found an iron altar of Okawaru.
  5056 | D:4      | Mangled by Crazy Yiuf

Illustrated notes

Levels and vault maps discovered:
D:1:      tarquinn_simple_flora_water_a, layout_basic
D:2:      layout_basic, basic_altar, grunt_ministairs_9
D:3:      layout_basic, cheibriados_altar_1, fedhas_altar_3,
          shapermc_ecumenical_altar_gd, uniq_natasha, uniq_robin, uniq_terence
D:4:      layout_basic, nicolae_ru_the_path_less_chosen, kennysheep_mini_moat,
          mainiacjoe_overflow_swirl, minmay_temple_entry_glassed_door,
          serial_forest, infiniplex_forest_clump_small, infiniplex_forest_end_1,
          infiniplex_forest_straight_4, infiniplex_forest_lined_3_way,
          infiniplex_forest_straight_2, serial_shops,
          nicolae_shop_temple_entry_statues_fountains, minmay_misc_feat_x,
          uniq_crazy_yiuf_cottage

Skill      XL: |  1  2  3  4  5  6  7 |
---------------+----------------------+-----
Fighting       | 1 2 3 |  3.1
Dodging        | 1 2 3 |  3.0
Spellcasting   | 2 3 |  3.0
Long Blades    | 5 6 |  6.2
Throwing       | |  1.0
Stealth        | |  2.6
Unarmed Combat | |  1.0
Evocations     | |  1.1

Action                   |  1- 3 |  4- 6 |  7- 9 || total
-------------------------+-------+-------+-------++-------
Melee: Falchion          |    57 |    87 |    27 ||   171
       Constrict         |    13 |    19 |     5 ||    37
       Tentacles         |     7 |    20 |     4 ||    31
       Punch             |     2 |       |       ||     2
Invok: Curse Item        |       |     1 |     1 ||     2
  Use: Potion            |       |     2 |     1 ||     3
 Stab: Sleeping          |    10 |     3 |     7 ||    20
Armor: Skin              |     6 |     3 |     1 ||    10
Dodge: Dodged            |    41 |    68 |    14 ||   123

Table legend: (Time is in decaauts)
 A = Elapsed time spent in this place.
 B = Non-inter-level travel time spent in this place.
 C = Inter-level travel time spent in this place.
 D = Time resting spent in this place.
 E = Time spent auto-exploring this place.
 F = Levels seen in this place.
 G = Mean time per level.
                   A        B        C        D        E       F      G
               +--------+--------+--------+--------+--------+-----+--------+
         Total |   5065 |   4931 |    134 |   1058 |   3255 |   4 | 1266.2 |
       Dungeon |   5065 |   4931 |    134 |   1058 |   3255 |   4 | 1266.2 |
               +--------+--------+--------+--------+--------+-----+--------+

Top non-repeatable levels by time:
     D:4: 1474 daAuts
     D:1: 1380 daAuts
     D:2: 1215 daAuts
     D:3: 996 daAuts
